 Dungeon Crawl Stone Soup version 0.19-a0-1168-g98094fc (webtiles) character file.

131347 epen the Ripper (level 16, -3/81 HPs)
             Began as a Felid Monk on Aug 14, 2016.
             Was an Initiate of Cheibriados.
             Slain by a merfolk
             ... wielding a +0 trident
              (15 damage)
             ... on level 1 of the Shoals on Aug 15, 2016.
             The game lasted 01:19:47 (45957 turns).

epen the Ripper (Felid Monk)                       Turns: 45957, Time: 01:19:49

Health: -3/81      AC:  3    Str: 13    XL:     16   Next: 25%
Magic:  21/22      EV: 38    Int: 16    God:    Cheibriados [......]
Gold:   674        SH:  8    Dex: 26    Spells: 0 memorised, 24 levels left
                                        Lives:  0   Deaths: 5

rFire  . . .     SeeInvis +       - Unarmed
rCold  + . .     Gourm    .     (armour unavailable)
rNeg   . . .     Faith    .     (shield unavailable)
rPois  +         Spirit   .     (helmet unavailable)
rElec  +         Dismiss  .     (cloak unavailable)
rCorr  .         Reflect  +     (gloves unavailable)
MR     +++..     Harm     .     (boots unavailable)
Stlth  ++++......               L - brooch of Shielding {Reflect SH+8}
                                N - ring "Joseihor" {rElec Str+5 Int+3 Stlth-}
                                c - ring of protection from magic

@: slow
A: no armour, no weapons or thrown items, claws 1, fangs 3, see invisible,
blink, carnivore 3, speed 1, low mp 1, mutation resistance 1, poison resistance,
shaggy fur 3, slow metabolism 1, sharp paws
a: Blink, Bend Time, Renounce Religion
}: 1/15 runes: serpentine


You were on level 1 of the Shoals.
You worshipped Cheibriados.
Cheibriados was noncommittal.
You were very full.

You visited 7 branches of the dungeon, and saw 31 of its levels.
You also visited: Sewer and Ice Cave.

You collected 2663 gold pieces.
You spent 1989 gold pieces at shops.

Inventory:

Jewellery
 c - a ring of protection from magic (left paw)
 y - an uncursed amulet of faith
 H - an uncursed ring of protection from magic
 L - the brooch of Shielding (around neck) {Reflect SH+8}
   (You found it on level 15 of the Dungeon)

   [amulet of reflection]

   It shields you and reflects attacks.
   It affects your SH (+8).
 N - the ring "Joseihor" (right paw) {rElec Str+5 Int+3 Stlth-}
   (You found it on level 9 of the Dungeon)

   [ring of loudness]

   It affects your strength (+5).
   It affects your intelligence (+3).
   It insulates you from electricity.
   It makes you less stealthy.
 P - an uncursed ring of resist corrosion
 R - an uncursed ring of stealth
 X - an uncursed ring of ice
Wands
 h - a wand of digging (15/24)
 x - a wand of acid (9/15)
 D - a wand of iceblast (10/15)
 T - a wand of lightning (3/15)
 Y - a wand of hasting (3/9)
Scrolls
 g - 2 scrolls of blinking
 j - 14 scrolls of remove curse
 l - 4 scrolls of teleportation
 u - 3 scrolls of amnesia
 z - 9 scrolls of recharging
 A - a scroll of fog
 C - 2 scrolls of fear
 G - 5 scrolls of identify
 O - a scroll of magic mapping
 Z - 2 scrolls of silence
Potions
 d - 4 potions of agility
 i - 2 potions of lignification
 m - 7 potions of invisibility
 n - a potion of berserk rage
 o - 7 potions of might
 r - 14 potions of curing
 B - 6 potions of flight
 F - 2 potions of ambrosia
 I - 4 potions of cure mutation
 J - 4 potions of brilliance
 M - a potion of cancellation
 Q - 2 potions of haste
Books
 b - a book of Alchemy

   Spells                             Type                      Level
   a - Sublimation of Blood           Necromancy                   2
   b - Ignite Poison                  Fire/Transmutation/Poison    3
   c - Petrify                        Transmutation/Earth          4
   d - Alistair's Intoxication        Transmutation/Poison         5
   e - Irradiate                      Conjuration/Transmutation    5
 e - a book of Changes

   Spells                             Type                      Level
   a - Beastly Appendage              Transmutation                1
   b - Sticks to Snakes               Transmutation                2
   c - Spider Form                    Transmutation/Poison         3
   d - Ice Form                       Ice/Transmutation            4
   e - Blade Hands                    Transmutation                5
 k - a Young Poisoner's Handbook

   Spells                             Type                      Level
   a - Sting                          Conjuration/Poison           1
   b - Mephitic Cloud                 Conjuration/Poison/Air       3
   c - Olgreb's Toxic Radiance        Poison                       4
   d - Alistair's Intoxication        Transmutation/Poison         5
   e - Venom Bolt                     Conjuration/Poison           5
 p - the Reference Book on Necromancy
   (You found it on level 1 of the Elven Halls)

   Spells                             Type                      Level
   a - Corpse Rot                     Necromancy                   2
   b - Sublimation of Blood           Necromancy                   2
   c - Regeneration                   Charms/Necromancy            3
   d - Vampiric Draining              Necromancy                   3
   e - Excruciating Wounds            Charms/Necromancy            5
 t - a book of Necromancy

   Spells                             Type                      Level
   a - Pain                           Necromancy                   1
   b - Animate Skeleton               Necromancy                   1
   c - Vampiric Draining              Necromancy                   3
   d - Regeneration                   Charms/Necromancy            3
   e - Animate Dead                   Necromancy                   4
   f - Control Undead                 Necromancy                   4
 v - a book of Summonings

   Spells                             Type                      Level
   a - Recall                         Summoning/Translocation      3
   b - Aura of Abjuration             Summoning                    5
   c - Summon Demon                   Summoning                    5
   d - Summon Forest                  Summoning/Translocation      5
   e - Summon Mana Viper              Hexes/Summoning              5
   f - Shadow Creatures               Summoning                    6
 E - a book of Alchemy

   Spells                             Type                      Level
   a - Sublimation of Blood           Necromancy                   2
   b - Ignite Poison                  Fire/Transmutation/Poison    3
   c - Petrify                        Transmutation/Earth          4
   d - Alistair's Intoxication        Transmutation/Poison         5
   e - Irradiate                      Conjuration/Transmutation    5
 K - a book of Dreams

   Spells                             Type                      Level
   a - Ensorcelled Hibernation        Hexes/Ice                    2
   b - Silence                        Hexes/Air                    5
   c - Darkness                       Hexes                        6
   d - Shadow Creatures               Summoning                    6
 S - a book of Maledictions

   Spells                             Type                      Level
   a - Corona                         Hexes                        1
   b - Ensorcelled Hibernation        Hexes/Ice                    2
   c - Confuse                        Hexes                        3
   d - Tukima's Dance                 Hexes                        3
   e - Dazzling Spray                 Conjuration/Hexes            3
 U - a book of the Dragon

   Spells                             Type                      Level
   a - Flame Tongue                   Conjuration/Fire             1
   b - Cause Fear                     Hexes                        4
   c - Bolt of Fire                   Conjuration/Fire             6
   d - Dragon Form                    Transmutation                7
   e - Dragon's Call                  Summoning                    9
 W - Muskus's Volume of the Glacier
   (You found it in an ice cave)

   Spells                             Type                      Level
   a - Freeze                         Ice                          1
   b - Ensorcelled Hibernation        Hexes/Ice                    2
   c - Ozocubu's Armour               Charms/Ice                   3
   d - Ice Form                       Ice/Transmutation            4
   e - Summon Ice Beast               Ice/Summoning                4
   f - Simulacrum                     Ice/Necromancy               6
Miscellaneous
 V - a box of beasts
Comestibles
 a - 4 meat rations
 f - 13 slices of pizza
 s - 9 beef jerkies


   Skills:
 + Level 15.3 Fighting
 + Level 19.1 Dodging
 - Level 15.1 Stealth
 + Level 19.9 Unarmed Combat
 - Level 4.9 Spellcasting
 - Level 7.0 Evocations


You had 24 spell levels left.
You didn't know any spells.

Dungeon Overview and Level Annotations

Branches:
Dungeon (15/15)            Temple (1/1) D:6            Lair (6/6) D:10
 Shoals (1/4) Lair:4        Snake (4/4) Lair:3        Slime (0/5) Lair:5
    Orc (2/2) D:11            Elf (2/3) Orc:2        Vaults (0/5) D:14
 Depths (0/5) D:15

Altars:
Ashenzari
Cheibriados
Dithmenos
Elyvilon
Fedhas
Gozag
Hepliaklqana
Kikubaaqudgha
Makhleb
Nemelex Xobeh
Okawaru
Pakellas
Ru
Sif Muna
Trog
Uskayaw
Vehumet
Xom
Yredelemnul
Zin
The Shining One
Beogh
Jiyva

Shops:
D:4 %   D:9 [   D:15 ?%   Orc:2 !%*

Portals:
Trove: D:10 (give 7 potions of agility)

Annotations:
Lair:5 1 runed door
Elf:2 3 runed doors


Innate Abilities, Weirdness & Mutations

You cannot wear armour.
You are incapable of wielding weapons or throwing items.
You have sharp claws.
You have razor-sharp teeth.
You have supernaturally acute eyesight. (SInv)
You are carnivorous and can eat meat at any time.
You cover ground quickly.
Your thick and shaggy fur keeps you warm. (AC +3, rC+)
You have a slow metabolism.
Your sharp claws are effective at attacking unaware monsters.
You can translocate small distances at will.
Your magical capacity is low. (-10% MP)
You are somewhat resistant to further mutation.
Your system is resistant to poisons. (rPois)


Message History

* * * LOW HITPOINT WARNING * * *
The merfolk throws a tomahawk.
The tomahawk completely misses you.
You hear a splash.
You mangle the harpy!!
You kill the harpy!
Cheibriados thoroughly appreciates the change of pace.
The harpy completely misses you. x2
Unknown command.
You block the harpy's attack. x2; The merfolk completely misses you.
You see here 29 stones.
You block the harpy's attack. The harpy claws you!
* * * LOW HITPOINT WARNING * * *
The merfolk misses you.
You feel better.
Splash!
You fall into the shallow water.
Moving in this stuff is going to be slow.
You block the harpy's attack. The harpy completely misses you.
The merfolk hits you with a trident!
You die...

≈≈≈≈≈≈≈≈≈≈≈≈≈≈
≈≈≈≈≈≈≈≈≈≈≈≈≈≈≈≈≈≈≈≈≈≈≈≈≈≈
≈≈≈≈≈P≈PP≈≈≈≈≈≈≈≈≈≈≈≈≈≈≈≈≈
≈≈≈≈≈≈.PP≈P≈≈≈≈≈≈≈≈≈≈≈≈≈≈≈
≈≈≈≈≈..PPP≈≈≈≈≈ .≈≈≈≈≈≈≈≈≈≈≈≈
......###...≈≈.##..≈≈≈≈≈≈≈≈≈≈≈
......# #.≈≈≈≈....≈≈≈≈≈≈≈≈≈≈≈
###...# #.≈≈≈≈≈†..≈≈≈≈≈≈≈≈≈≈ #
##.(## #...Hm@(..≈≈(≈≈≈≈≈≈≈ ##
#†..## ##.#.†.≈≈≈≈≈≈≈≈≈≈P≈≈ .#
#.≈≈.# ###..≈≈≈...≈P≈≈≈≈ .#
#..≈.##### #.......PP≈≈P≈≈
.###........## #######..≈≈≈≈≈≈
.............#### ####.P≈P≈≈≈≈
....###..≈≈≈....###....≈P≈≈≈≈≈
....# ##.≈≈≈≈≈%.##....≈≈≈≈≈≈≈≈
....# #..≈≈≈≈≈...##...≈≈≈≈≈≈≈≈


You could see a merfolk and a harpy.

Vanquished Creatures
  Kirke (Snake:2)
  8 greater nagas
  Aizul (Snake:1)
  A frost giant (IceCv)
  Louise (Snake:4)
  A fire dragon (D:14)
  2 deep elf death magi (Elf:1)
  An ogre mage (D:15)
  17 naga warriors
  Erolcha (D:13)
  9 hydras
  12 anacondas
  A centaur warrior (D:13)
  An ice dragon (D:12)
  7 dancing weapons
  A catoblepas (D:13)
  2 death yaks (IceCv)
  3 tengu warriors
  6 orc high priests
  14 naga sharpshooters
  8 shock serpents
  5 deep elf knights
  4 salamander mystics
  2 sea snakes
  An unseen horror (D:10)
  13 hill giants
  10 naga ritualists
  A wizard (D:14)
  8 deep elf archers
  A wolf spider zombie (D:14)
  Pikel (D:7)
  3 orc knights
  6 orc sorcerers
  3 harpies (Shoals:1)
  2 griffons (Shoals:1)
  2 manticores
  8 mana vipers
  An oklob plant (Shoals:1)
  3 cyclopes
  10 salamanders
  5 ugly things
  23 deep elf magi
  3 elephants (Lair:6)
  2 guardian serpents
  Psyche (D:11)
  A centaur zombie (D:13)
  40 black mambas
  3 gargoyles
  A water nymph (Shoals:1)
  A torpor snail (Lair:6)
  33 naga magi
  A kobold demonologist (D:14)
  9 spiny frogs
  2 efreet
  5 rime drakes
  A freezing wraith (D:15)
  3 komodo dragons
  18 polar bears
  3 tengu conjurers
  6 trolls
  2 two-headed ogres (D:15)
  A two-headed ogre (shapeshifter) (D:13)
  30 blink frogs
  2 large abominations (Elf:1)
  2 snapping turtles
  A water elemental (Elf:1)
  An air elemental (Elf:1)
  46 yaks
  12 spriggans (Lair:6)
  5 basilisks
  9 hippogriffs
  3 wyverns
  2 hogs
  A human (D:7)
  2 steam dragons
  5 hungry ghosts
  4 wargs
  47 nagas
  A mottled dragon (D:15)
  8 water moccasins
  Duvessa (D:7)
  9 porcupines
  2 ice beasts
  24 orc warriors
  5 wasps
  5 sky beasts
  A slave (D:7)
  4 black bears
  3 boggarts (Lair:6)
  11 ogres
  4 phantoms
  An eye of draining (D:10)
  3 centaurs
  47 wolves
  13 crocodiles
  2 big kobolds
  11 giant frogs
  An earth elemental (Elf:2)
  4 elf zombies (Elf:1)
  Dowan (D:7)
  3 scorpions
  6 electric eels
  7 wights
  4 howler monkeys
  5 crimson imps
  A quasit (D:7)
  7 hounds
  6 jellies
  3 centaur skeletons
  26 orc priests
  3 giant frog skeletons
  A gnoll shaman (D:6)
  7 iguanas
  28 orc wizards
  9 worker ants
  2 killer bee zombies
  18 sheep
  A hound skeleton (D:7)
  2 worker ant zombies
  A howler monkey zombie (D:8)
  Robin (D:2)
  11 gnolls
  21 adders
  39 river rats
  5 shadow imps
  2 oozes
  2 adder skeletons (D:4)
  3 worms
  2 dart slugs
  9 giant geckos
  76 orcs
  8 giant cockroaches
  2 gnoll zombies (D:8)
  28 goblins
  3 hobgoblins
  15 jackals
  2 quokkas (D:5)
  4 ball pythons
  7 bats
  A giant gecko skeleton (D:9)
  A giant gecko zombie (D:7)
  8 giant newts
  18 kobolds
  2 quokka skeletons
  8 rats
1097 creatures vanquished.

Vanquished Creatures (collateral kills)
  A greater naga (Snake:4)
  The ghost of mmcf the Fencer, a journeyman MiGl of Dithmenos (Orc:1)
  A naga warrior (Snake:1)
  A naga ritualist (Snake:4)
  A naga mage (Snake:1)
  A spriggan (Lair:6)
  3 nagas
  2 porcupines
  A black bear (Lair:6)
  A wolf (Lair:6)
13 creatures vanquished.

Vanquished Creatures (others)
  2 naga sharpshooters
  4 humans (Snake:2)
  A slave (D:7)
  A sheep (D:7)
  A giant newt (D:7)
  19 fungi
  26 plants
54 creatures vanquished.

Grand Total: 1164 creatures vanquished

Notes
Turn   | Place    | Note
-------+----------+-------------------------------------------
     0 | D:1      | epen the Felid Monk began the quest for the Orb.
     0 | D:1      | Reached XP level 1. HP: 10/10 MP: 2/2
    37 | D:1      | Reached XP level 2. HP: 14/14 MP: 3/3
   531 | D:1      | Reached XP level 3. HP: 17/17 MP: 4/4
  1018 | D:2      | Noticed Robin
  1018 | D:2      | Reached XP level 4. HP: 20/22 MP: 5/5
  1232 | D:2      | Killed Robin
  1480 | D:2      | Reached skill level 5 in Dodging
  1551 | D:2      | Found an oddly glowing altar of Pakellas.
  1917 | D:3      | Reached XP level 5. HP: 13/25 MP: 6/6
  2591 | D:4      | Reached skill level 5 in Unarmed Combat
  2595 | D:4      | Found a shattered altar of Ashenzari.
  2620 | D:4      | Found Foez's Food Emporium.
  2623 | D:4      | Gained mutation: You are covered in thick fur. (AC +2) [Felid growth]
  2623 | D:4      | Reached XP level 6. HP: 28/29 MP: 7/7
  2681 | D:4      | Found a radiant altar of Vehumet.
  2683 | D:4      | Found a white marble altar of Elyvilon.
  2705 | D:4      | Found a sparkling altar of Nemelex Xobeh.
  3093 | D:5      | Entered Level 5 of the Dungeon
  3098 | D:5      | Noticed an orc warrior
  3218 | D:5      | Reached skill level 5 in Fighting
  3218 | D:5      | Reached XP level 7. HP: 33/33 MP: 8/8
  3242 | D:5      | Mangled by an orc warrior
  3243 | D:5      | Reached XP level 6. HP: -10/30 MP: 7/7
  3341 | D:5      | Found a glowing drain.
  3357 | Sewer    | Entered a sewer
  4102 | Sewer    | Reached XP level 7. HP: 15/33 MP: 8/8
  4915 | D:6      | Found a bloodstained altar of Trog.
  4943 | D:6      | Became a worshipper of Trog the Wrathful
  4943 | D:6      | Reached * piety under Trog
  4943 | D:6      | Reached ** piety under Trog
  5336 | D:6      | Found a hide-covered altar of Uskayaw.
  5339 | D:6      | Found an ancient bone altar of Kikubaaqudgha.
  5345 | D:6      | Found a deep blue altar of Sif Muna.
  5416 | D:6      | Found an opulent altar of Gozag.
  5521 | D:6      | Found a staircase to the Ecumenical Temple.
  5622 | D:6      | Reached XP level 8. HP: 38/38 MP: 9/9
  6320 | D:7      | Reached *** piety under Trog
  6560 | D:7      | Noticed Dowan
  6561 | D:7      | Noticed Duvessa
  6571 | D:7      | Killed Duvessa
  6575 | D:7      | Noticed Pikel
  6575 | D:7      | Killed Dowan
  6887 | D:7      | Reached XP level 9. HP: 42/42 MP: 10/10
  7179 | D:7      | Killed Pikel
  7458 | D:7      | Found a shadowy altar of Dithmenos.
  7461 | D:7      | Reached skill level 10 in Unarmed Combat
  7577 | D:8      | Reached **** piety under Trog
  7910 | D:8      | Found a basalt altar of Yredelemnul.
  8072 | D:9      | Reached skill level 10 in Dodging
  8111 | D:9      | Found Sias's Armour Shoppe.
  8387 | D:9      | Got a pitted lapis lazuli ring
  8389 | D:9      | Identified the ring "Joseihor" {rElec Str+5 Int+3 Stlth-} (You found it on level 9 of the Dungeon)
  8492 | D:9      | Reached XP level 10. HP: 48/48 MP: 11/11
  8511 | D:9      | Found a hazy altar of Hepliaklqana.
  8654 | D:10     | Entered Level 10 of the Dungeon
  8654 | D:10     | Noticed a gargoyle
  8659 | D:10     | Killed a gargoyle
  9084 | D:10     | Found a staircase to the Lair.
  9107 | D:10     | Noticed a hill giant
  9115 | D:10     | Killed a hill giant
  9421 | D:10     | Noticed a hill giant
  9435 | D:10     | Killed a hill giant
 10318 | D:10     | Noticed an unseen horror
 10324 | D:10     | Killed an unseen horror
 10324 | D:10     | Reached ***** piety under Trog
 10481 | D:10     | Found a portal to a secret trove of treasure.
 10515 | Lair:1   | Entered Level 1 of the Lair of Beasts
 10541 | Lair:1   | Reached XP level 11. HP: 41/53 MP: 12/12
 11454 | Lair:2   | Noticed a seven-headed hydra
 11463 | Lair:2   | Killed a seven-headed hydra
 11482 | Lair:2   | Slain by a crocodile
 11483 | Lair:2   | Reached XP level 10. HP: -5/50 MP: 11/11
 11483 | Lair:2   | Upgraded the game from 0.19-a0-1166-g02d67b9 to 0.19-a0-1168-g98094fc
 11890 | Lair:2   | Noticed a spiny frog
 11896 | Lair:2   | Killed a spiny frog
 11937 | Lair:2   | Noticed a spiny frog
 11943 | Lair:2   | Killed a spiny frog
 11943 | Lair:2   | Reached skill level 10 in Fighting
 12082 | Lair:2   | Noticed a spiny frog
 12089 | Lair:2   | Killed a spiny frog
 12705 | Lair:3   | Reached XP level 11. HP: 54/54 MP: 12/12
 12866 | Lair:3   | Reached ****** piety under Trog
 12907 | Lair:3   | Found a staircase to the Snake Pit.
 12967 | Lair:3   | Noticed a seven-headed hydra
 12984 | Lair:3   | Killed a seven-headed hydra
 12986 | Lair:3   | Impaled on a porcupine's spines
 12987 | Lair:3   | Reached XP level 10. HP: 1/76 MP: 11/11
 13260 | Lair:3   | Noticed a six-headed hydra
 13381 | Lair:3   | Killed a six-headed hydra
 13806 | Lair:3   | Noticed a black mamba
 13816 | Lair:3   | Killed a black mamba
 14378 | Lair:4   | Noticed a spiny frog
 14385 | Lair:4   | Killed a spiny frog
 14385 | Lair:4   | Reached XP level 11. HP: 52/55 MP: 12/12
 14604 | Lair:4   | Noticed a four-headed hydra
 14615 | Lair:4   | Killed a four-headed hydra
 15014 | Lair:4   | Found a staircase to the Shoals.
 15278 | Lair:5   | Reached skill level 5 in Stealth
 15323 | Lair:5   | Identified a scroll of acquirement
 15332 | Lair:5   | Gained mutation: You are dopey. (Int -2) [potion of mutation]
 15332 | Lair:5   | Gained mutation: Your magical capacity is low. (-10% MP) [potion of mutation]
 15332 | Lair:5   | Gained mutation: You are somewhat resistant to further mutation. [potion of mutation]
 15335 | Lair:5   | Gained mutation: You expend magic power (3 MP) to strengthen your wands. [potion of mutation]
 15335 | Lair:5   | Gained mutation: You are partially covered in iridescent scales. (AC +2) [potion of mutation]
 15335 | Lair:5   | Gained mutation: You are occasionally teleported next to monsters. [potion of mutation]
 15361 | Lair:5   | Found a runed door.
 15361 | Lair:5   | Found a viscous altar of Jiyva.
 15361 | Lair:5   | Noticed an acid blob
 15362 | Lair:5   | Found a staircase to the Slime Pits.
 15364 | Lair:5   | Noticed an acid blob
 15791 | Lair:5   | Noticed a six-headed hydra
 15802 | Lair:5   | Killed a six-headed hydra
 16804 | Lair:6   | Entered Level 6 of the Lair of Beasts
 16919 | Lair:6   | Reached skill level 15 in Unarmed Combat
 16928 | Lair:6   | Noticed a spriggan rider
 17182 | Lair:6   | Gained mutation: Your thick and shaggy fur keeps you warm. (AC +3, rC+) [Felid growth]
 17182 | Lair:6   | Reached XP level 12. HP: 30/60 MP: 11/11
 18395 | Lair:6   | HP: 2/60 [rime drake/flash freeze (22)]
 18652 | Lair:6   | Noticed a six-headed hydra
 18661 | Lair:6   | Killed a six-headed hydra
 18791 | Lair:6   | Lost mutation: You expend magic power (3 MP) to strengthen your wands. [potion of cure mutation]
 18791 | Lair:6   | Lost mutation: You are dopey. (Int -2) [potion of cure mutation]
 18791 | Lair:6   | Lost mutation: You are occasionally teleported next to monsters. [potion of cure mutation]
 18791 | Lair:6   | Lost mutation: Your magical capacity is low. (-10% MP) [potion of cure mutation]
 18791 | Lair:6   | Lost mutation: You are partially covered in iridescent scales. (AC +2) [potion of cure mutation]
 18970 | Lair:6   | Noticed a four-headed hydra
 18976 | Lair:6   | Killed a four-headed hydra
 18976 | Lair:6   | Reached XP level 13. HP: 64/64 MP: 14/14
 19763 | D:11     | Noticed Psyche
 19771 | D:11     | Killed Psyche
 19896 | D:11     | Found a roughly hewn altar of Beogh.
 19896 | D:11     | Found a staircase to the Orcish Mines.
 19987 | D:11     | Gained mutation: Your system is resistant to poisons. (rPois) [mutagenic meat]
 20289 | D:11     | Reached skill level 15 in Dodging
 20424 | D:11     | Reached skill level 10 in Stealth
 20699 | D:12     | Found a frozen archway.
 20776 | IceCv    | Entered an ice cave
 21698 | IceCv    | Noticed a frost giant
 21730 | IceCv    | Killed a frost giant
 21794 | IceCv    | Identified Muskus's Volume of the Glacier
 22392 | D:12     | Found a hazy altar of Hepliaklqana.
 22668 | D:12     | Gained mutation: You can translocate small distances at will. [mutagenic meat]
 23197 | D:13     | Reached XP level 14. HP: 62/69 MP: 15/15
 24315 | D:13     | Noticed Erolcha
 24327 | D:13     | Killed Erolcha
 25753 | D:14     | Found a gate to the Vaults.
 26343 | D:15     | Entered Level 15 of the Dungeon
 26380 | D:15     | Found a white marble altar of Elyvilon.
 26591 | D:15     | Found a staircase to the Depths.
 26963 | D:15     | Found Ceifeosai's Magic Scroll Shop.
 26970 | D:15     | Bought a scroll of identify for 40 gold pieces
 26970 | D:15     | Bought a scroll of magic mapping for 70 gold pieces
 26970 | D:15     | Bought a scroll of fear for 70 gold pieces
 26970 | D:15     | Bought a scroll of identify for 40 gold pieces
 26990 | D:15     | Found Fucke's Food Emporium.
 27393 | Orc:1    | Entered Level 1 of the Orcish Mines
 27444 | Orc:2    | Entered Level 2 of the Orcish Mines
 27573 | Orc:2    | Found a staircase to the Elven Halls.
 27723 | Orc:1    | Noticed mmcf's ghost (journeyman MiGl)
 27820 | Orc:1    | Killed mmcf's ghost
 28492 | Orc:2    | Gained mutation: Your magical capacity is low. (-10% MP) [a neqoxec]
 28789 | Orc:2    | Found Rosa's Book Boutique.
 28789 | Orc:2    | Found Ruderum's Distillery.
 28790 | Orc:2    | Found Lymmuxt's Assorted Antiques.
 28878 | Orc:2    | Found Tunu's Food Shop.
 28887 | Orc:2    | Reached XP level 15. HP: 60/73 MP: 14/14
 28895 | Orc:2    | Bought a potion of curing for 36 gold pieces
 28895 | Orc:2    | Bought a potion of curing for 36 gold pieces
 28895 | Orc:2    | Bought a potion of heal wounds for 60 gold pieces
 28895 | Orc:2    | Bought a potion of curing for 36 gold pieces
 28895 | Orc:2    | Bought a potion of might for 48 gold pieces
 28895 | Orc:2    | Bought 2 potions of invisibility for 192 gold pieces
 28895 | Orc:2    | Bought a potion of might for 48 gold pieces
 28896 | Orc:2    | Bought a scroll of magic mapping for 129 gold pieces
 28896 | Orc:2    | Bought a box of beasts for 740 gold pieces
 28896 | Orc:2    | Bought a potion of curing for 111 gold pieces
 28896 | Orc:2    | Bought 3 scrolls of teleportation for 333 gold pieces
 29274 | Elf:1    | Entered Level 1 of the Elven Halls
 29299 | Elf:1    | Reached skill level 1 in Evocations
 30820 | Elf:1    | Identified the Reference Book on Necromancy
 31560 | Elf:2    | Slain by an earth elemental
 31561 | Elf:2    | Reached XP level 14. HP: -5/70 MP: 16/16
 31941 | Elf:2    | Found a huge runed gate.
 31941 | Elf:2    | Found a huge runed gate.
 31955 | Elf:2    | Found a huge runed gate.
 32411 | Snake:1  | Entered Level 1 of the Snake Pit
 32903 | Snake:1  | Noticed Aizul
 32922 | Snake:1  | Killed Aizul
 33171 | Snake:1  | Reached XP level 15. HP: 75/75 MP: 17/17
 33526 | Snake:1  | Reached skill level 5 in Evocations
 35026 | Snake:2  | Noticed Kirke
 35749 | Snake:2  | Killed Kirke
 36638 | Snake:3  | Noticed a greater naga
 36887 | Snake:3  | Killed a greater naga
 36912 | Snake:3  | Reached skill level 15 in Stealth
 38051 | Snake:3  | Reached XP level 16. HP: 80/80 MP: 20/20
 38618 | Snake:4  | Entered Level 4 of the Snake Pit
 38917 | Snake:4  | Reached skill level 1 in Spellcasting
 40162 | Snake:4  | Noticed Louise
 40625 | Snake:4  | Killed Louise
 41854 | Snake:4  | Got a serpentine rune of Zot
 42898 | Snake:4  | Reached skill level 15 in Fighting
 42989 | Snake:4  | HP: 6/121 [naga mage/flail (2)]
 42991 | Snake:4  | HP: 2/121 [naga mage/flail (3)]
 42993 | Snake:4  | Mangled by a salamander mystic
 42994 | Snake:4  | Reached XP level 15. HP: -6/115 MP: 21/21
 43662 | Snake:4  | Killed a greater naga
 43662 | Snake:4  | Reached XP level 16. HP: 81/81 MP: 22/22
 45177 | Temple   | Entered the Ecumenical Temple
 45306 | Temple   | Fell from the grace of Trog
 45306 | Temple   | Became a worshipper of Cheibriados the Contemplative
 45518 | Shoals:1 | Entered Level 1 of the Shoals
 45518 | Shoals:1 | Found an ancient bone altar of Kikubaaqudgha.
 45957 | Shoals:1 | Slain by a merfolk

Vault maps used:
D:1:      lightli_arrival_boilingwater, serial_bayou_ford_a, solitary_fountain,
          hex_tiny, minmay_crystal_water
D:2:      grunt_pakellas_basics, uniq_robin
D:3:      first_bread
D:4:      overflow_temple_1_default, grunt_temple_overflow_open, serial_shops,
          nicolae_shop_waterfront
D:5:      overflow_temple_1_default, portal_sewer_entry_f
D:6:      trog_ov_bears_minmay, grunt_temple_overflow_diamond, st_stairs_9,
          nicolae_gozag_seed_capital
D:7:      grunt_dithmenos_shadows, grunt_livestock, uniq_duvessa, uniq_pikel
D:8:      lemuel_zombie_altar_yredelemnul
D:9:      lemuel_doored_altar, serial_shops, shop, kennysheep_generic_room_11
D:10:     lair_0_dummy, nicolae_trove_entry_diagonal
D:11:     david_orc_5, st_stairs_6, uniq_psyche
D:12:     enter_bailey_3, portal_ice_cave_entry_animals_and_master,
          kennysheep_flooded_box
D:13:     uniq_erolcha
D:14:     david_vaults_4, serial_park_paths
D:15:     grunt_enter_depths_magical_seal, serial_shops, shop, shop,
          elyvilon_altar_5
Temple:   nicolae_temple_figure_zero
Lair:1:   serial_bayou_shore_a, infiniplex_staircase_pool
Lair:3:   guppyfry_snake_entry_garden
Lair:4:   minmay_shoals_entry_hut, serial_bayou_shore_b
Lair:5:   slime_altar_2
Lair:6:   minmay_lair_end_enchanted_forest, minmay_lair_drake_nest
Shoals:1: lemuel_oklob_altar
Snake:1:  nicolae_snake_hallway, serial_bayou_lagoon_a, uniq_aizul
Snake:2:  uniq_kirke
Snake:3:  grunt_megastairs_2
Snake:4:  snake_pit, uniq_louise
Orc:2:    st_orc_mages, minmay_orc_keep
Elf:1:    elf_arrival_002, minmay_elf_necromancy
Sewer:    sewer_co_15_rooms
IceCv:    ice_cave_caverns_01

Skill      XL: |  1  2  3  4  5  6  7  8  9 10 11 12 13 14 15 16 |
---------------+-------------------------------------------------+-----
Unarmed Combat | 4 5 6 7 9 10 14 15 16 17 19 | 19.9
Dodging        | 5 6 7 9 10 11 14 15 16 17 19 | 19.1
Fighting       | 4 5 6 8 10 11 12 13 14 15 | 15.3
Stealth        | 6 9 11 14 15 | 15.1
Evocations     | 4 6 7 |  7.0
Spellcasting   | 4 |  4.9

Action                   |  1- 3 |  4- 6 |  7- 9 | 10-12 | 13-15 | 16-18 || total
-------------------------+-------+-------+-------+-------+-------+-------++-------
Melee: Unarmed           |    89 |   325 |   347 |   888 |  1598 |   551 ||  3798
       Bite              |     3 |    29 |    39 |   125 |   238 |    83 ||   517
       Punch             |       |     9 |    14 |    77 |   178 |    67 ||   345
Invok: Berserk           |       |       |    10 |    48 |    55 |    16 ||   129
       Brothers in Arms  |       |       |       |     4 |     3 |     5 ||    12
       Trog's Hand       |       |       |       |     3 |     7 |     3 ||    13
       Bend Time         |       |       |       |       |       |     1 ||     1
 Abil: Blink             |       |       |       |       |     3 |     4 ||     7
Evoke: Wand              |       |       |       |       |     2 |     2 ||     4
  Use: Scroll            |       |     5 |     3 |    19 |     9 |     6 ||    42
       Potion            |       |     3 |     2 |     8 |     3 |    10 ||    26
 Stab: Sleeping          |     6 |    16 |    19 |    15 |    62 |     8 ||   126
       Distracted        |       |     2 |     1 |     5 |     7 |    10 ||    25
       Petrified         |       |       |       |       |     1 |       ||     1
  Eat: Chunk             |     6 |     5 |    20 |    69 |    84 |    12 ||   196
       Pizza             |       |       |       |     1 |       |     1 ||     2
       Royal jelly       |       |       |       |     1 |       |       ||     1
       Meat ration       |       |       |       |     1 |     3 |     5 ||     9
Armor: Skin              |     4 |    10 |     9 |    21 |    24 |     3 ||    71
Dodge: Dodged            |    61 |   317 |   316 |   823 |  1115 |   502 ||  3134
Block: Other             |       |       |       |       |   234 |   170 ||   404
       Reflection        |       |       |       |       |    15 |    18 ||    33
